cohdb
Replays
Latest Replays
All Replays
Popular Replays
Top Player Replays
Match Explorer
How It Works
Community
CoH3 Stats
Reddit
Sign in to upload your games and track your stats! →
Sign in with Steam
Match 43118570
Unlisted
Match 43118570
Overview
Messages
Build Orders
End
Kettenkrad Recon Vehicle
Construct Infanterie Kompanie
MG 42 Machine Gun Team
Selects Terror Battlegroup
Selects Machine Gun Camouflage
MG 42 Machine Gun Team
Grenadier Squad
Kettenkrad Recon Vehicle
Construct Luftwaffe Kompanie
Jäger Squad
Jäger Squad
Jäger Squad
Luftwaffe Officer Quarters
Medical Station
Jäger Squad
Selects Defend the Fatherland
Support Elements
Wirbelwind Flakpanzer
Pioneer Squad
Side Skirts
Marder III M Tank Destroyer
Wirbelwind Flakpanzer
JJB34
DibbeTC
0
0
Comments
sign in to comment!
No comments posted yet!